 Dungeon Crawl Stone Soup version bcrawl-1.21.3 (webtiles) character file.

Game seed: 17317134271648743882

105 Flugslaktarn the Skirmisher (level 4, 0/30 HPs)
             Began as a Skeleton Archaeologist on Mar 30, 2020.
             Slain by a bullfrog (2 damage)
             ... on level 3 of the Dungeon.
             The game lasted 00:01:12 (2058 turns).

Flugslaktarn the Skirmisher (SkAc)                  Turns: 2058, Time: 00:01:12

Health: 0/30       AC:  6    Str: 17 (19) XL:     4   Next: 54%
Magic:  0/13       EV: 12    Int: 12      God:
Gold:   182        SH:  0    Dex:  5 (7)  Spells: 3/3 levels left

rFire    . . .     SeeInvis .   a - +0 whip
rCold    + . .     Gourm    .   (no shield)
rNeg     + + +     Faith    .   b - +1 robe
rPois    ∞         Spirit   +   (no helmet)
rElec    .         Reflect  .   k - +0 cloak {rPois}
rCorr    .         Harm     .   (no gloves)
MR       .....                  d - +1 pair of boots
Stlth    ++........             e - amulet of regeneration
HPRegen  0.50/turn              j - ring of magical power
MPRegen  0.13/turn              (no ring)

@: no status effects
A: no food or potions, cold resistance 1, deterioration 1, negative energy
resistance 3, torment resistance, unbreathing, magic shield, sturdy frame 1,
spell healing
a: no special abilities


You were on level 3 of the Dungeon.
You were not hungry.

You visited 1 branch of the dungeon, and saw 3 of its levels.

You collected 182 gold pieces.

Inventory:

Hand Weapons
 a - a +0 whip (weapon)
Armour
 b - a +1 robe (worn)
 c - a +1 hat
 d - a +1 pair of boots (worn)
 k - a +0 cloak of poison resistance (worn)
   (You found it on level 2 of the Dungeon)
 m - a +0 helmet
   (You found it on level 3 of the Dungeon)
Jewellery
 e - an amulet of regeneration (around neck)
   (You found it on level 2 of the Dungeon)
 h - an uncursed amulet of the gourmand {unknown}
   (You found it on level 2 of the Dungeon)
 j - a ring of magical power (left hand)
   (You found it on level 2 of the Dungeon)
Scrolls
 g - a scroll of identify {unknown}
 i - 2 scrolls of magic mapping
 l - a scroll of noise {unknown}
Miscellaneous
 f - a dusty tome


   Skills:
 + Level 4.4 Fighting
 - Level 1.2 Maces & Flails
 - Level 3.0 Dodging
 - Level 3.6 Stealth


You had 3 spell levels left.
You didn't know any spells.
Your spell library was empty.

Dungeon Overview and Level Annotations

Branches:
Dungeon (3/12)

Altars:

Annotations:
D:3 2 transporters, chipmonk's ghost, weakling HOCK


Innate Abilities, Weirdness & Mutations

You do not eat or drink.
You are immune to poison.
Your flesh is cold resistant. (rC+)
Your body sometimes deteriorates upon taking damage.
You are immune to negative energy. (rN+++)
You are immune to unholy pain and torment.
You can survive without breathing.
When hurt, damage is shared between your health and your magic reserves.
Your movements are slightly less encumbered by armour. (ER -2)
Casting spells heals you.


Message History

You are too injured to fight recklessly!
You closely miss the bullfrog.
The bullfrog is lightly wounded.
The bullfrog barely misses you. The bullfrog closely misses you.
You hit the bullfrog but do no damage.
The bullfrog is lightly wounded.
The bullfrog hits you.
* * * LOW HITPOINT WARNING * * *
You hit the bullfrog.
The bullfrog is moderately wounded.
The bullfrog closely misses you. The bullfrog hits you!
* * * LOW HITPOINT WARNING * * *
Your body deteriorates!
You feel clumsy.
You closely miss the bullfrog.
The bullfrog is moderately wounded.
The bullfrog barely misses you.
You barely miss the bullfrog.
The bullfrog is moderately wounded.
The bullfrog hits you.
You die...

# #.#### ...... ###
#.#### #.. #..... #(#
###### #.#######..#
#.##.FS...# #####
#.##@# #.# #....
##.##.# #.# #.###
#...#.# #.# #.###
#.###..# #.# #.#.. #.#
##.## #.# #.#.# ..#
##.###.# #.#.# ##.
#.#...# #.#.# #
##...!.#######.#.#
#.......©.......#....#


You could see a bullfrog and an adder.

Vanquished Creatures
  Jessica (D:2)
  An adder (D:3)
  A shadow imp (D:3)
  2 oozes
  2 dart slugs (D:2)
  A leopard gecko (D:1)
  An orc (D:3)
  3 giant cockroaches
  6 goblins
  5 hobgoblins
  6 jackals
  4 bats
  3 frilled lizards (D:1)
  5 kobolds
  8 rats
49 creatures vanquished.

Notes
Turn   | Place    | Note
-------+----------+-------------------------------------------
     0 | D:1      | Flugslaktarn the Skeleton Archaeologist began the quest for
                  | the Orb.
     0 | D:1      | Reached XP level 1. HP: 12/12 MP: 1/1
   340 | D:1      | Reached skill level 2 in Fighting
   360 | D:1      | Reached XP level 2. HP: 16/17 MP: 0/2
   690 | D:1      | Reached skill level 3 in Fighting
   690 | D:1      | Reached XP level 3. HP: 15/23 MP: 3/3
  1135 | D:2      | Noticed Jessica
  1147 | D:2      | Killed Jessica
  1277 | D:2      | Reached XP level 4. HP: 29/29 MP: 4/4
  1313 | D:2      | Reached skill level 4 in Fighting
  2012 | D:3      | Found a transporter.
  2012 | D:3      | Noticed chipmonk's ghost (weakling HOCK)
  2017 | D:3      | Found a transporter.
  2043 | D:3      | Noticed a bullfrog
  2056 | D:3      | HP: 1/30 [bullfrog (5)]
  2058 | D:3      | Slain by a bullfrog

Skill      XL: |  1  2  3  4 |
---------------+-------------+-----
Fighting       | 2 3 4 |  4.4
Maces & Flails | |  1.2
Dodging        | |  3.0
Stealth        | |  3.6

Action                   |  1- 3 |  4- 6 || total
-------------------------+-------+-------++-------
Melee: Whip              |   105 |   100 ||   205
 Stab: Sleeping          |     2 |     2 ||     4
Armor: Robe              |    28 |    30 ||    58
Dodge: Dodged            |    56 |    82 ||   138
